 Dungeon Crawl Stone Soup version 0.23.2-11-gf996548c65 (webtiles) character file.

Game seed: 18368087550309480151

6225 VAZYLA the Blocker (level 10, -2/65 HPs)
             Began as a Gargoyle Fighter on June 4, 2019.
             Was an Elder of Makhleb.
             Splashed by an oklob plant's acid (9 damage)
             ... on level 2 of the Lair of Beasts.
             The game lasted 00:34:22 (10587 turns).

VAZYLA the Blocker (Gargoyle Fighter)              Turns: 10587, Time: 00:34:22

Health: -2/65      AC: 14    Str: 20    XL:     10   Next: 92%
Magic:  15/15      EV:  5    Int: 18    God:    Makhleb [****..]
Gold:   656        SH: 14    Dex: 10    Spells: 9/9 levels left

rFire    . . .     SeeInvis .   a - +2 mace (drain)
rCold    x . .     Gourm    .   c - +1 shield
rNeg     + + .     Faith    .   r - +0 plate armour
rPois    ∞         Spirit   .   (no helmet)
rElec    +         Reflect  +   (no cloak)
rCorr    .         Harm     .   (no gloves)
MR       .....                  O - +0 pair of boots
Stlth    ..........             m - +2 amulet of reflection
HPRegen  0.20/turn              n - ring of wizardry
MPRegen  0.14/turn              E - ring of Jamotu {+Fly rPois rC- rN+ Int+7}

@: corroded
A: negative energy resistance 1, electricity resistance, unbreathing,
petrification resistance, rot immunity, AC +7
a: Minor Destruction, Lesser Servant of Makhleb, Major Destruction, Renounce
Religion, Evoke Flight


You were on level 2 of the Lair of Beasts.
You worshipped Makhleb.
Makhleb was greatly pleased with you.
You were not hungry.

You visited 2 branches of the dungeon, and saw 13 of its levels.
You also visited: Ossuary.

You collected 656 gold pieces.

Inventory:

Hand Weapons
 a - a +2 mace of draining (weapon)
 v - the +8 demon trident of Kisag {drain, +Blink MR+++ Str-5 Int-5}
   (You found it on level 9 of the Dungeon)

   A truly terrible weapon, it drains the life of those it strikes.
   It affects your strength (-5).
   It affects your intelligence (-5).
   It affects your resistance to hostile enchantments.
   It lets you blink.
 A - a +0 flail of freezing
 R - the +5 quarterstaff of Fuotemus {flame, rF+ rC+, unknown}
   (You found it on level 10 of the Dungeon)

   It has been specially enchanted to burn those struck by it, causing extra
   injury to most foes and up to half again as much damage against particularly
   susceptible opponents.
   It protects you from fire.
   It protects you from cold.
Missiles
 x - 12 tomahawks
 N - a throwing net (quivered)
Armour
 b - a +0 scale mail
 c - a +1 shield (worn)
 r - a +0 plate armour (worn)
 O - a +0 pair of boots (worn)
Jewellery
 m - a +2 amulet of reflection (around neck)
 n - a ring of wizardry (left hand)
 E - the ring of Jamotu (right hand) {+Fly rPois rC- rN+ Int+7}
   (You found it on level 6 of the Dungeon)

   [ring of poison resistance]

   It affects your intelligence (+7).
   It makes you vulnerable to cold.
   It protects you from poison.
   It protects you from negative energy.
   It lets you fly.
 F - an uncursed amulet of harm
 G - an uncursed ring of stealth
 H - an uncursed ring of wizardry
 M - an uncursed amulet of regeneration {unknown}
 Q - a +5 ring of intelligence {unknown}
Wands
 D - a wand of scattershot (7)
 I - a wand of random effects (11)
Scrolls
 e - 2 scrolls of identify
 g - a scroll of brand weapon
 i - 5 scrolls of enchant armour
 q - a scroll of magic mapping {unknown}
 t - 2 scrolls of amnesia
 w - a scroll of fear
 y - a scroll of enchant weapon
 C - 6 scrolls of remove curse
 K - a scroll of blinking
 L - a scroll of summoning {unknown}
Potions
 d - a potion of might
 h - 4 potions of flight
 j - a potion of invisibility {unknown}
 k - 2 potions of agility {unknown}
 l - 8 potions of curing
 o - 2 potions of magic {unknown}
 p - a potion of cancellation {unknown}
 s - a potion of haste
 u - 5 potions of heal wounds
 z - 2 potions of mutation {unknown}
 B - a potion of brilliance {unknown}
 J - a potion of degeneration {unknown}
Comestibles
 f - 20 rations


   Skills:
 + Level 8.8 Fighting
 + Level 7.7 Maces & Flails
 + Level 8.7 Armour
 + Level 8.8 Shields
 + Level 7.0 Invocations


You had 9 spell levels left.
You didn't know any spells.
Your spell library contained the following spells:

 Spells                   Type           Power        Failure   Level  Hunger
 Animate Skeleton         Necr           N/A          97%         1    ##.....
 Apportation              Tloc           #.....       97%         1    ##.....
 Confusing Touch          Hex            #.....       97%         1    ##.....
 Corona                   Hex            #......      97%         1    ##.....
 Magic Dart               Conj           #...         97%         1    ##.....
 Summon Small Mammal      Summ           #...         97%         1    ##.....
 Blink                    Tloc           N/A          99%         2    ###....
 Call Imp                 Summ           #.......     99%         2    ###....
 Slow                     Hex            #.......     99%         2    ###....
 Conjure Flame            Conj/Fire      #.......     100%        3    ####...
 Inner Flame              Hex/Fire       #.......     100%        3    ####...
 Mephitic Cloud           Conj/Pois/Air  #.......     100%        3    ####...
 Portal Projectile        Hex/Tloc       #.....       100%        3    ####...
 Cause Fear               Hex            #.........   100%        4    #####..
 Leda's Liquefaction      Hex/Erth       #.........   100%        4    #####..


Dungeon Overview and Level Annotations

Branches:
Dungeon (11/15)            Temple (0/1) D:6            Lair (2/6) D:9
  Swamp: Lair:2-4    Shoals: Lair:2-4     Snake: Lair:2-4    Spider: Lair:2-4
    Orc: D:9-12

Altars:
Makhleb
Qazlal
Ru
Sif Muna
Uskayaw
Zin

Shops:
D:9 !   D:10 [

Annotations:
D:11 1 transporter
Lair:2 exclusion: 3 oklob plants


Innate Abilities, Weirdness & Mutations

You are resistant to torment.
Your stone body is resilient. (AC +7)
You are immune to poison.
You resist negative energy. (rN+)
You are resistant to electric shocks. (rElec)
You can survive without breathing.
You are immune to petrification.
You are immune to rotting.


Message History

You now have 656 gold pieces (gained 17).
x - 12 tomahawks (gained 8)
You fall through a shaft!
The shaft crumbles and collapses.
Found 29 gold pieces, a ration, a glowing dagger and a plate armour.
Marking area around the oklob plant as unsafe for travelling.
Marking area around the oklob plant as unsafe for travelling.
Marking area around the oklob plant as unsafe for travelling. 3 oklob plants come into view.
You see here a glowing dagger.
The oklob plant spits acid at you. The splash of acid hits you!
You are splashed with acid!
The oklob plant spits acid at you. The splash of acid hits you!
The acid corrodes you!
You are splashed with acid!
* * * LOW HITPOINT WARNING * * *
The oklob plant spits acid at you. The splash of acid hits you!
* * * LOW HITPOINT WARNING * * *
The acid corrodes you!
You are splashed with acid!
You die...

#.. ..
..### ##..
.
....##.#.#.
.#.......
#......#
#......#


#PPPP# #P@.[# #...$# #%)P.# #.P$.# ###### You could see 3 oklob plants.

Vanquished Creatures
  An ugly thing (D:7)
  A spiny frog (Lair:1)
  A troll (D:10)
  A merfolk (D:10)
  A hippogriff (Lair:1)
  Prince Ribbit (D:8)
  4 yaks (D:10)
  A hungry ghost (D:8)
  2 water moccasins
  4 orc warriors
  An eye of draining (D:9)
  3 ice beasts
  2 sky beasts
  A black bear (D:7)
  2 ogres
  2 crocodiles
  A centaur (D:8)
  An elf zombie (Ossuary)
  A big kobold (D:9)
  3 bullfrogs
  A wyvern skeleton (D:10)
  2 scorpions
  A howler monkey (D:7)
  4 electric eels (D:7)
  2 crimson imps
  A bullfrog zombie (D:9)
  A quasit (D:10)
  A centaur skeleton (D:7)
  5 centaur zombies
  3 hounds
  2 jellies
  5 orc priests
  A gnoll shaman (D:4)
  4 iguanas
  7 orc wizards
  8 worker ants
  A big kobold zombie (Ossuary)
  A mummy (Ossuary)
  A worker ant zombie (D:7)
  11 gnolls
  8 adders
  A shadow imp (D:6)
  2 adder zombies
  A worm (D:3)
  2 adder skeletons
  A dart slug (D:2)
  3 leopard geckos
  33 orcs
  9 bats
  4 giant cockroaches
  7 goblins
  6 hobgoblins
  17 jackals
  3 quokkas
  2 ball pythons
  2 frilled lizards (D:2)
  2 goblin zombies (Ossuary)
  10 hobgoblin zombies (Ossuary)
  2 jackal zombies (Ossuary)
  10 kobolds
  7 kobold zombies (Ossuary)
  9 orc zombies (Ossuary)
  A quokka skeleton (D:5)
  2 quokka zombies
  10 rats
  2 rat zombies (Ossuary)
252 creatures vanquished.

Vanquished Creatures (collateral kills)
  A gargoyle (D:10)
1 creature vanquished.

Grand Total: 253 creatures vanquished

Notes
Turn   | Place    | Note
-------+----------+-------------------------------------------
     0 | D:1      | VAZYLA the Gargoyle Fighter began the quest for the Orb.
     0 | D:1      | Reached XP level 1. HP: 14/14 MP: 1/1
   124 | D:1      | Reached XP level 2. HP: 19/19 MP: 2/2
   765 | D:2      | Reached XP level 3. HP: 23/23 MP: 3/3
  1550 | D:3      | Reached XP level 4. HP: 27/29 MP: 4/4
  1597 | D:3      | Noticed a water moccasin
  2411 | D:3      | Found a burning altar of Makhleb.
  2415 | D:3      | Noticed a cacodemon
  2416 | D:3      | Found a glowing silver altar of Zin.
  2416 | D:3      | Noticed an angel
  2445 | D:3      | Reached XP level 5. HP: 32/33 MP: 5/5
  2474 | D:3      | Became a worshipper of Makhleb the Destroyer
  2784 | D:4      | Found a sand-covered staircase.
  2795 | Ossuary  | Entered an ossuary
  2996 | Ossuary  | Reached * piety under Makhleb
  3124 | Ossuary  | Reached XP level 6. HP: 39/39 MP: 6/6
  3373 | D:4      | Reached skill level 5 in Fighting
  3644 | D:4      | Reached skill level 5 in Shields
  3652 | D:4      | Reached XP level 7. HP: 37/44 MP: 7/7
  3671 | D:4      | Reached skill level 5 in Armour
  3882 | D:5      | Entered Level 5 of the Dungeon
  3900 | D:5      | Reached skill level 1 in Invocations
  4127 | D:5      | Reached ** piety under Makhleb
  4311 | D:5      | Noticed a +0 dagger
  4313 | D:5      | Found a hide-covered altar of Uskayaw.
  4314 | D:5      | Noticed a +0 dagger
  4434 | D:5      | Found a deep blue altar of Sif Muna.
  4638 | D:5      | Found a sacrificial altar of Ru.
  4742 | D:6      | Reached XP level 8. HP: 24/51 MP: 9/9
  4977 | D:6      | Got a scintillating lapis lazuli ring
  4978 | D:6      | Identified the ring of Jamotu {+Fly rPois rC- rN+ Int+7}
                  | (You found it on level 6 of the Dungeon)
  5191 | D:6      | Reached skill level 5 in Maces & Flails
  5415 | D:6      | Found a staircase to the Ecumenical Temple.
  5650 | D:7      | Noticed a green ugly thing
  5683 | D:7      | Killed a green ugly thing
  5683 | D:7      | Reached XP level 9. HP: 56/56 MP: 10/12
  6453 | D:7      | Reached *** piety under Makhleb
  7129 | D:7      | You fall through a shaft for 3 floors!
  7129 | D:10     | Entered Level 10 of the Dungeon
  7162 | D:10     | Reached skill level 5 in Invocations
  7296 | D:9      | Found Jexeu's Distillery.
  7420 | D:8      | Reached XP level 10. HP: 64/64 MP: 14/14
  7544 | D:8      | Noticed Prince Ribbit
  7620 | D:8      | Killed Prince Ribbit
  7861 | D:9      | Got a shimmering demon trident
  7862 | D:9      | Identified the +8 demon trident of Kisag {drain, +Blink
                  | MR+++ Str-5 Int-5} (You found it on level 9 of the Dungeon)
  8411 | D:9      | Found a staircase to the Lair.
  8491 | D:9      | Reached **** piety under Makhleb
  9607 | D:10     | Found a stormy altar of Qazlal.
  9738 | D:10     | Got an ichor-stained quarterstaff
  9769 | D:10     | Found Noutwaru's Armour Emporium.
  9866 | D:11     | Noticed a gargoyle
  9903 | D:10     | Killed a gargoyle
 10134 | D:11     | Noticed a cyclops
 10189 | D:11     | Found a transporter.
 10412 | Lair:1   | Entered Level 1 of the Lair of Beasts
 10474 | Lair:1   | Noticed a spiny frog
 10499 | Lair:1   | Killed a spiny frog
 10584 | Lair:1   | You fall through a shaft!
 10585 | Lair:2   | Noticed an oklob plant
 10585 | Lair:2   | Noticed an oklob plant
 10585 | Lair:2   | Noticed an oklob plant
 10587 | Lair:2   | Splashed by an oklob plant's acid

Skill      XL: |  1  2  3  4  5  6  7  8  9 10 |
---------------+-------------------------------+-----
Fighting       | 4 5 6 7 8 |  8.8
Shields        | 4 5 6 7 8 |  8.8
Armour         | 4 5 6 7 8 |  8.7
Maces & Flails | 3 4 5 6 7 |  7.7
Invocations    | 2 4 5 7 |  7.0

Action                   |  1- 3 |  4- 6 |  7- 9 | 10-12 || total
-------------------------+-------+-------+-------+-------++-------
Melee: Flail             |   158 |   361 |    18 |       ||   537
       Mace              |       |       |   427 |   332 ||   759
Throw: Tomahawk          |       |       |     2 |       ||     2
       Throwing net      |       |       |       |     1 ||     1
Invok: Lesser Servant of |       |       |       |     1 ||     1
Evoke: Wand              |       |       |       |     2 ||     2
  Use: Scroll            |       |     5 |    11 |     4 ||    20
       Potion            |       |       |     1 |       ||     1
  Eat: Chunk             |     2 |     8 |     7 |     5 ||    22
       Ration            |       |       |     3 |     2 ||     5
Armor: Scale mail        |    73 |       |       |       ||    73
       Plate armour      |    40 |   305 |   245 |   211 ||   801
Dodge: Dodged            |    53 |    54 |    52 |    67 ||   226
Block: Shield            |    92 |   270 |   270 |   256 ||   888
       Reflection        |       |       |     2 |    14 ||    16
